 Dungeon Sprint DCSS version 0.21-a0-349-g0c35859 (webtiles) character file.

118 Kidiri the Skirmisher (level 4, 0/44 HPs)
             Began as a Draconian Gladiator on Oct 7, 2017.
             Was an Initiate of Trog.
             Slain by a two-headed ogre
             ... wielding a +0 giant spiked club
              (6 damage)
             ... in the Dungeon (Sprint IX: "|||||||||||||||||||||||||||||").
             The game lasted 00:01:52 (401 turns).

Kidiri the Skirmisher (Draconian Gladiator)          Turns: 401, Time: 00:01:53

Health: 0/44       AC:  6    Str: 17    XL:     4   Next: 72%
Magic:  1/4        EV: 17    Int:  8    God:    Trog [......]
Gold:   0          SH:  0    Dex: 16    Spells: 3/3 levels left

rFire    . . .     SeeInvis .   a - +2 morningstar (crush)
rCold    . . .     Gourm    .   (no shield)
rNeg     . . .     Faith    .   (armour unavailable)
rPois    .         Spirit   .   b - +0 hat
rElec    .         Reflect  .   m - +0 cloak
rCorr    .         Harm     .   (no gloves)
MR       .....     NoTele   +   (no boots)
Stlth    +.........             (no amulet)
HPRegen  0.14/turn              n - +2 ring of evasion
MPRegen  0.09/turn              o - +3 ring of dexterity

@: no status effects
A: unfitting armour, cold-blooded, AC +5
a: Burn Spellbooks, Renounce Religion


You were in the Dungeon.
You worshipped Trog.
Trog was noncommittal.
You were not hungry.

You visited 1 branch

Inventory:

Hand Weapons
 a - a +2 morningstar of crushing (weapon)
Missiles
 c - 2 throwing nets (quivered)
Armour
 b - a +0 hat (worn)
 m - a +0 cloak (worn)
Jewellery
 n - a +2 ring of evasion (left hand)
 o - a +3 ring of dexterity (right hand)
Wands
 l - a wand of lightning (5/15)
Scrolls
 j - 2 scrolls of blinking
 k - 3 scrolls of remove curse
Potions
 e - 5 potions of curing
 f - a potion of invisibility
 g - a potion of haste
 h - 4 potions of magic
 i - a potion of heal wounds
Comestibles
 d - a bread ration


   Skills:
 * Level 5.7 Fighting
 * Level 5.7 Maces & Flails
 + Level 4.0 Throwing
 * Level 5.2 Dodging
 + Level 0.0 Evocations


You had 3 spell levels left.
You didn't know any spells.

Dungeon Overview and Level Annotations

Branches:
Dungeon (1/1)

Altars:
Cheibriados
Dithmenos
Elyvilon
Fedhas
Gozag
Hepliaklqana
Kikubaaqudgha
Makhleb
Nemelex Xobeh
Okawaru
Qazlal
Ru
Sif Muna
Trog
Uskayaw
Vehumet
Wu Jian
Xom
Yredelemnul
Zin
The Shining One
Beogh
Jiyva
Lugonu


Innate Abilities, Weirdness & Mutations

Your plain brown scales are hard. (AC +5)
You cannot fit into any form of body armour.
You are cold-blooded and may be slowed by cold attacks.


Message History

Unknown command.
You hit the two-headed ogre.
The two-headed ogre is almost dead.
The two-headed ogre hits you but does no damage.
The two-headed ogre hits you with a giant club!!
Unknown command.
Evoke which item? (* to show all) (? for menu, Esc to quit)
Aiming: Lightning Bolt
Press: ? - help, Shift-Dir - straight line, f/p - two-headed ogre
Aim: a two-headed ogre, wielding a giant spiked club and a giant club (almost dead)
You hear a mighty clap of thunder!
The bolt of lightning misses the two-headed ogre.
The bolt of lightning misses the killer bee.
The bolt of lightning misses the hippogriff.
The bolt of lightning misses the bullfrog.
This wand has 5 charges left.
The two-headed ogre hits you with a giant spiked club!
* * * LOW HITPOINT WARNING * * *
The two-headed ogre hits you with a giant club.
You die...

▓+▓
▓.▓
▓.▓
▓F▓
▓H▓
▓y▓
▓O▓
▓@▓
▓.▓
▓.▓
▓[▓
▓[▓
▓.▓
▓)▓
▓|▓
▓?▓


You could see a two-headed ogre, a hippogriff, a bullfrog and a killer bee.

Vanquished Creatures
  An eye of draining (D)
  2 adders (D)
  2 orcs (D)
  A hobgoblin (D)
  A ball python (D)
  3 goblins (D)
  A jackal skeleton (D)
  A kobold (D)
12 creatures vanquished.

Notes
Turn   | Place    | Note
-------+----------+-------------------------------------------
     0 | D        | Kidiri the Draconian Gladiator began the quest for the Orb.
     0 | D        | Reached XP level 1. HP: 17/17 MP: 1/1
   203 | D        | Reached XP level 2. HP: 25/26 MP: 2/2
   220 | D        | Found a roughly hewn altar of Beogh.
   220 | D        | Found a snail-covered altar of Cheibriados.
   220 | D        | Found a shadowy altar of Dithmenos.
   220 | D        | Found a white marble altar of Elyvilon.
   220 | D        | Found a blossoming altar of Fedhas.
   220 | D        | Found an opulent altar of Gozag.
   221 | D        | Found a hazy altar of Hepliaklqana.
   222 | D        | Found a viscous altar of Jiyva.
   223 | D        | Found an ancient bone altar of Kikubaaqudgha.
   224 | D        | Found a corrupted altar of Lugonu.
   225 | D        | Found a burning altar of Makhleb.
   226 | D        | Found a sparkling altar of Nemelex Xobeh.
   227 | D        | Found an iron altar of Okawaru.
   228 | D        | Found a stormy altar of Qazlal.
   229 | D        | Found a sacrificial altar of Ru.
   230 | D        | Found a deep blue altar of Sif Muna.
   231 | D        | Found a bloodstained altar of Trog.
   232 | D        | Found a hide-covered altar of Uskayaw.
   233 | D        | Found a radiant altar of Vehumet.
   234 | D        | Found an ornate altar of the Wu Jian Council.
   235 | D        | Found a shimmering altar of Xom.
   236 | D        | Found a basalt altar of Yredelemnul.
   237 | D        | Found a glowing silver altar of Zin.
   238 | D        | Found a glowing golden altar of the Shining One.
   245 | D        | Became a worshipper of Trog the Wrathful
   380 | D        | Noticed a bullfrog
   380 | D        | Noticed a hippogriff
   380 | D        | Noticed a two-headed ogre
   380 | D        | Noticed a killer bee
   380 | D        | Noticed an eye of draining
   385 | D        | Reached XP level 3. HP: 30/33 MP: 0/3
   392 | D        | Killed an eye of draining
   392 | D        | Reached skill level 5 in Fighting
   392 | D        | Reached skill level 5 in Maces & Flails
   392 | D        | Reached skill level 5 in Dodging
   392 | D        | Reached XP level 4. HP: 41/44 MP: 0/4
   401 | D        | Slain by a two-headed ogre

Vault maps used:
D:        linesprint

Skill      XL: |  1  2  3 |
---------------+----------+-----
Throwing       | 2 3 4 |  4.0
Dodging        | 3 5 |  5.2
Fighting       | 3 5 |  5.7
Maces & Flails | 4 5 |  5.7

Action                   |  1- 3 |  4- 6 || total
-------------------------+-------+-------++-------
Melee: Flail             |    28 |       ||    28
       Morningstar       |    11 |     6 ||    17
       Tailslap          |     6 |     4 ||    10
Throw: Throwing net      |     1 |       ||     1
Evoke: Wand              |       |     2 ||     2
  Use: Potion            |     2 |     1 ||     3
Armor: Skin              |     6 |     2 ||     8
Dodge: Dodged            |    22 |     9 ||    31

Table legend:
 A = Spawn XP
 B = Non-spawn XP
 C = Spawn XP percentage of total XP
 D = Spawn monster count
 E = Non-spawn monster count
 F = Spawn count percentage of total count
 G = Total turns spent on level
                    A         B        C        D         E        F      G
               +---------+---------+-------+---------+---------+-------+---------
         Total |       0 |     169 |   0.0 |       0 |      12 |   0.0 |   401
               +---------+---------+-------+---------+---------+-------+---------
             D |       0 |     169 |   0.0 |       0 |      12 |   0.0 |   401
               +---------+---------+-------+---------+---------+-------+---------
